 Dungeon Crawl Stone Soup version 0.23.0-3-gf3c87f2 (webtiles) character file.

Game seed: 9417735679911880586

37 sighowe the Chopper (level 3, -1/30 HPs)
             Began as a Barachi Monk on Feb 23, 2019.
             Slain by a gnoll (7 damage)
             ... on level 2 of the Dungeon.
             The game lasted 00:10:50 (1376 turns).

sighowe the Chopper (Barachi Monk)                  Turns: 1376, Time: 00:10:51

Health: -1/30      AC:  5    Str: 13    XL:     3   Next: 41%
Magic:  3/3        EV: 12    Int: 10    God:
Gold:   56         SH:  0    Dex: 14    Spells: 2/2 levels left

rFire    . . .     SeeInvis .   Y - +0 hand axe
rCold    . . .     Gourm    .   (no shield)
rNeg     . . .     Faith    .   p - +0 ring mail
rPois    .         Spirit   .   (no helmet)
rElec    .         Reflect  .   (no cloak)
rCorr    .         Harm     .   (no gloves)
MR       .....                  (no boots)
Stlth    +.........             (no amulet)
HPRegen  0.10/turn              (no ring)
MPRegen  0.08/turn              (no ring)

@: slow
A: +LOS, swims, slowness 1, strong legs 1
a: Hop


You were on level 2 of the Dungeon.
You were not hungry.

You visited 1 branch of the dungeon, and saw 2 of its levels.

You collected 56 gold pieces.


Innate Abilities, Weirdness & Mutations

Shadows flee at your approach. (+LOS)
You can swim through water.
You cover ground slowly.
You can hop short distances.


   Skills:
 - Level 3.9 Fighting
 - Level 4.4 Axes
 + Level 0.3 Armour
 - Level 3.4 Dodging
 - Level 1.7 Stealth


You had 2 spell levels left.
You didn't know any spells.
Your spell library was empty.

Inventory:

Hand Weapons
 k - a +0 club
 Y - a +0 hand axe (weapon)
Missiles
 j - a silver tomahawk (quivered)
Armour
 p - a +0 ring mail (worn)
Scrolls
 b - a scroll of random uselessness {unknown}
 e - a scroll of identify
Potions
 a - a potion of mutation {unknown}
 g - a potion of lignification {unknown}
 i - a potion of magic {unknown}
 n - a potion of invisibility {unknown}
 o - 2 potions of curing
Comestibles
 c - 2 rations

Dungeon Overview and Level Annotations

Branches:
Dungeon (2/15)

Altars:


Message History

You hit the gnoll.
The gnoll is heavily wounded.
The gnoll hits you from afar with a +0 halberd.
The gnoll barely misses you.
Your ring mail prevents you from hitting the gnoll.
The gnoll is heavily wounded.
The gnoll hits you but does no damage. The gnoll barely misses you.
You hit the gnoll.
The gnoll is heavily wounded.
The gnoll hits you but does no damage. The gnoll closely misses you.
A gnoll comes into view. It is wielding a +0 halberd.
The gnoll shouts!
You hit the gnoll.
The gnoll is almost dead.
The gnoll hits you!
The gnoll hits you from afar with a +0 halberd.
You barely miss the gnoll.
The gnoll is almost dead.
The gnoll hits you!
You die...

#..##.#.##..
#..##.#.##.#
#..##.#.##.#
#..##.#.##.#
##..##.#.##.#
#...##.#.##.#####
#......#........###.
#.#.#)........#.....
##...g@####......#
#.%#g#.# ##.#####
#.g....# ##.##
#..##..# #..<#
##.##.## #....#
#.##.# #....# #.##.#
#.#.## #.##.# .....#
..##.##.....#


You could see 3 gnolls.

Vanquished Creatures
  A dart slug (D:1)
  A leopard gecko (D:1)
  A ball python (D:2)
  3 giant cockroaches (D:1)
  4 goblins (D:1)
  7 hobgoblins
  5 kobolds (D:1)
  2 bats (D:1)
  5 frilled lizards (D:1)
  A rat (D:1)
30 creatures vanquished.

Notes
Turn   | Place    | Note
-------+----------+-------------------------------------------
     0 | D:1      | sighowe the Barachi Monk began the quest for the Orb.
     0 | D:1      | Reached XP level 1. HP: 18/18 MP: 1/1
    47 | D:1      | Reached XP level 2. HP: 6/25 MP: 2/2
   468 | D:1      | 468 ||| Stepping ~*~*~tactically~*~*~ (stealth).
   470 | D:1      | 470 ||| Stepping ~*~*~tactically~*~*~ (stealth).
   471 | D:1      | 471 ||| Stepping ~*~*~tactically~*~*~ (stealth).
   473 | D:1      | 473 ||| Stepping ~*~*~tactically~*~*~ (stealth).
   474 | D:1      | 474 ||| Stepping ~*~*~tactically~*~*~ (stealth).
   478 | D:1      | 478 ||| Stepping ~*~*~tactically~*~*~ (stealth).
   479 | D:1      | 479 ||| Stepping ~*~*~tactically~*~*~ (stealth).
   480 | D:1      | 480 ||| Stepping ~*~*~tactically~*~*~ (stealth).
   703 | D:1      | 703 ||| Stepping ~*~*~tactically~*~*~ (stealth).
   744 | D:1      | 744 ||| Stepping ~*~*~tactically~*~*~ (stealth).
   767 | D:1      | Reached skill level 4 in Axes
   820 | D:1      | 820 ||| Stepping ~*~*~tactically~*~*~ (stealth).
   822 | D:1      | 822 ||| Stepping ~*~*~tactically~*~*~ (stealth).
   824 | D:1      | 824 ||| Stepping ~*~*~tactically~*~*~ (stealth).
   826 | D:1      | 826 ||| Stepping ~*~*~tactically~*~*~ (stealth).
   828 | D:1      | 828 ||| Stepping ~*~*~tactically~*~*~ (stealth).
   848 | D:1      | 848 ||| Stepping ~*~*~tactically~*~*~ (stealth).
   850 | D:1      | 850 ||| Stepping ~*~*~tactically~*~*~ (stealth).
   864 | D:1      | Reached XP level 3. HP: 25/30 MP: 3/3
  1008 | D:1      | 1008 ||| Stepping ~*~*~tactically~*~*~ (stealth).
  1010 | D:1      | 1010 ||| Stepping ~*~*~tactically~*~*~ (stealth).
  1245 | D:1      | 1245 ||| UPGRADING to ring mail.
  1255 | D:1      | 1255 ||| DROPPING +0 robe.
  1256 | D:1      | 1256 ||| UPGRADING to runed ring mail.
  1266 | D:1      | 1266 ||| DROPPING +0 ring mail.
  1267 | D:1      | 1267 ||| READING scroll labeled BARENA GAZIY.
  1268 | D:1      | 1268 ||| READING 2 scrolls labeled FIENOC SOITE.
  1269 | D:1      | 1269 ||| READING scroll labeled WUUTHRA FOGI.
  1270 | D:1      | 1270 ||| READING scroll labeled RAESCH HAUNY.
  1271 | D:1      | 1271 ||| READING scroll labeled NYTALE NUATHIU.
  1272 | D:1      | 1272 ||| READING scroll labeled TEOVUOCS WISK.
  1273 | D:1      | 1273 ||| DRINKING 3 glowing coppery potions.
  1375 | D:2      | HP: 6/30 [gnoll/+0 halberd (6)]
  1376 | D:2      | Slain by a gnoll

Levels and vault maps discovered:
D:1:      minmay_arrival_four_circles, layout_basic, minmay_pentomino_p2
D:2:      layout_loops_ring, first_ration, serial_co_window_serial,
          co_window_of_opportunity_a, co_window_corner_a, co_window_corner_a,
          co_window_paths_b, co_window_paths_b, co_window_corner_cb,
          co_window_paths_c, co_window_of_opportunity_b, co_window_paths_e,
          co_window_4corner_b, glass_columns_a, glass_columns_b,
          glass_columns_a, glass_columns_c, glass_columns_a

Skill      XL: |  1  2 |
---------------+-------+-----
Axes           | 4 |  4.4
Fighting       | |  3.9
Armour         | |  0.3
Dodging        | |  3.4
Stealth        | |  1.7

Action                   || total
-------------------------++-------
Melee: Hand axe          ||    85
Throw: Tomahawk          ||    18
 Abil: Hop               ||     1
  Use: Scroll            ||     6
       Potion            ||     1
  Eat: Chunk             ||     2
Armor: Robe              ||    20
       Ring mail         ||     2
Dodge: Dodged            ||    72

Table legend:
 A = Non-vault XP
 B = Vault XP
 C = Vault XP percentage of total XP
 D = Non-vault monster count
 E = Vault monster count
 F = Vault count percentage of total count
                 A         B        C        D         E       F
            +---------+---------+-------+---------+---------+-------
      Total |      52 |       2 |   3.7 |      28 |       2 |   6.7
            +---------+---------+-------+---------+---------+-------
        D:1 |      48 |       2 |   4.0 |      26 |       2 |   7.1
        D:2 |       4 |       0 |   0.0 |       2 |       0 |   0.0
            +---------+---------+-------+---------+---------+-------
